 Dungeon Crawl Stone Soup version 0.29.1-12-g30fa7ad0bf (webtiles) character file.

Game seed: 16777890090930397755

261 raph the Firebug (level 6, -4/45 HPs)
             Began as a Hill Orc Fire Elementalist on Jan 7, 2023.
             Slain by a wyvern (12 damage)
             ... on level 4 of the Dungeon.
             The game lasted 00:07:44 (5750 turns).

raph the Firebug (Hill Orc Fire Elementalist)       Turns: 5750, Time: 00:07:45

Health: -4/45      AC:  6    Str: 11      XL:     6   Next: 18%
Magic:  0/10       EV: 15    Int: 17      God:
Gold:   63         SH:  0    Dex:  6 (17) Spells: 4/10 levels left

rFire   . . .      SeeInvis .   o - +1 dagger (vamp)
rCold   . . .      Faith    .   (no shield)
rNeg    . . .      Spirit   .   a - +0 robe
rPois   .          Reflect  .   (no helmet)
rElec   .          Harm     .   r - +1 cloak
rCorr   .          Rampage  .   f - +1 pair of gloves
Will    .....                   (no boots)
Stlth   +.........              (no amulet)
HPRegen 0.15/turn               j - +6 ring of dexterity
MPRegen 0.12/turn               s - +4 ring of evasion

@: no status effects
A: no striking features
a: no special abilities


You were on level 4 of the Dungeon.
You visited 1 branch of the dungeon, and saw 4 of its levels.

You collected 290 gold pieces.
You spent 227 gold pieces at shops.

Inventory:

Hand Weapons
 g - a +0 dagger
 o - a +1 vampiric dagger (weapon)
Missiles
 c - a throwing net
 h - 5 poisoned darts
 i - 2 boomerangs
 q - 2 javelins
Armour
 a - a +0 robe (worn)
 f - a +1 pair of gloves (worn)
 r - a +1 cloak (worn)
Jewellery
 j - a +6 ring of dexterity (left hand)
 s - a +4 ring of evasion (right hand)
Scrolls
 d - 3 scrolls of blinking
 k - 3 scrolls of fear
 t - 2 scrolls of identify
 v - a scroll of summoning
Potions
 b - 2 potions of magic
 e - a potion of resistance
 l - 2 potions of brilliance
 m - 3 potions of might
 p - 2 potions of degeneration {unknown}
 u - a potion of mutation {unknown}
 w - a potion of heal wounds


   Skills:
 - Level 1.5 Dodging
 - Level 1.5 Stealth
 + Level 2.7 Spellcasting
 + Level 3.0 Conjurations
 + Level 5.7 Fire Magic


You had 4 spell levels left.
You knew the following spells:

 Your Spells              Type           Power      Damage    Failure   Level
a - Foxfire               Conj/Fire      68%        2x1d7     3%          1
b - Scorch                Fire           42%        2d7       2%          2
c - Conjure Flame         Conj/Fire      17%        6-21      9%          3

Your spell library contained the following spells:

 Spells                   Type           Power      Damage    Failure   Level
 Inner Flame              Hex/Fire       12%        N/A       17%         3
 Slow                     Hex            8%         N/A       19%         1
 Flame Wave               Conj/Fire      17%        2d7       30%         4
 Confusing Touch          Hex            2%         N/A       47%         3
 Vampiric Draining        Necr           2%         2d6       47%         3
 Summon Forest            Summ/Tloc      1%         N/A       99%         5
 Eringya's Noxious Bog    Tmut/Pois      1%         N/A       100%        6
 Summon Hydra             Summ           1%         N/A       100%        7


Dungeon Overview and Level Annotations

Branches:
Dungeon (4/15)
 Temple: D:4-7

Altars:
Gozag

Shops:
D:2 *   D:3 !   D:4 (

Annotations:
D:3 p0werm0de's ghost, amateur PaIE


Message History

The wyvern barely misses you.
The foxfire hits the quokka.
You kill the quokka!
The orc barely misses you. The orc closely misses your foxfire.
The wyvern completely misses you.
The foxfire hits the orc.
The orc is moderately wounded.
Your foxfire dissipates!
Casting: Foxfire (safe; 3% risk of failure)
Confirm with . or Enter, or press ? or * to list all spells.
You conjure some foxfire!
The wyvern bites you! The wyvern closely misses you.
Casting: Foxfire (safe; 3% risk of failure)
Confirm with . or Enter, or press ? or * to list all spells.
You conjure some foxfire!
The wyvern misses you. The orc closely misses you.
The orc barely misses your foxfire.
The foxfire hits the orc wizard.
The orc wizard is moderately wounded.
The foxfire hits the orc wizard but does no damage.
The orc wizard is moderately wounded.
Casting: Foxfire (safe; 3% risk of failure)
Confirm with . or Enter, or press ? or * to list all spells.
You conjure some foxfire!
The foxfire hits the orc wizard.
The orc wizard is moderately wounded.
The foxfire hits the orc but does no damage.
The orc is moderately wounded.
The wyvern misses you.
The foxfire hits the adder.
The adder is moderately wounded.
The orc hits you but does no damage. The wyvern bites you!
* * * LOW HITPOINT WARNING * * *
Casting: Foxfire (safe; 3% risk of failure)
Confirm with . or Enter, or press ? or * to list all spells.
You conjure some foxfire!
The foxfire hits the orc wizard.
The orc wizard is severely wounded.
The wyvern misses you. The orc completely misses you.
The orc barely misses your foxfire.
The orc wizard hits you with a +0 dagger.
* * * LOW HITPOINT WARNING * * *
The foxfire hits the adder.
The adder is heavily wounded.
The foxfire hits the orc wizard.
You kill the orc wizard!
The wyvern bites you!
You die...

#....#...............
#....##.....#####..<.
#...........# #....
#...........# #....
#......>....# #.... ###
##...##......# ###..
#...#.....#.....# ###..
#............######....
#.†.∩.@SS..............
#.)....lo.............[
##....)#o..............
##...##...............
###.....#########....
#..o......... .....
#....$......r ...$#.
#............ ...#.
#............ ..#


You could see a wyvern, an orc wizard, an adder, an orc and a ball python.

Vanquished Creatures
  A scorpion (D:4)
  A hound (D:3)
  2 quasits (D:3)
  An orc wizard (D:4)
  3 adders
  3 worms
  4 dart slugs
  5 bats
  10 endoplasms
  2 giant cockroaches
  3 goblins
  4 hobgoblins
  5 jackals (D:1)
  3 quokkas
  7 ball pythons
  3 frilled lizards
  9 kobolds
  4 rats
70 creatures vanquished.

Vanquished Creatures (others)
  155 foxfires
155 creatures vanquished.

Grand Total: 225 creatures vanquished

Notes
Turn   | Place    | Note
-------+----------+-------------------------------------------
     0 | D:1      | raph the Hill Orc Fire Elementalist began the quest for the
                  | Orb.
     0 | D:1      | Reached XP level 1. HP: 14/14 MP: 3/3
   222 | D:1      | Reached XP level 2. HP: 20/20 MP: 1/4
   255 | D:1      | Learned a level 2 spell: Scorch
   260 | D:1      | Reached skill level 4 in Fire Magic
   680 | D:1      | Reached XP level 3. HP: 16/26 MP: 1/5
   821 | D:1      | Found a faded altar of an unknown god.
  1766 | D:2      | Found Wikh's General Store.
  1774 | D:2      | Bought a potion of curing for 39 gold pieces
  2256 | D:2      | Reached XP level 4. HP: 23/33 MP: 0/6
  2317 | D:2      | Learned a level 3 spell: Conjure Flame
  2947 | D:3      | Reached skill level 5 in Fire Magic
  3457 | D:2      | Bought a scroll of summoning for 123 gold pieces
  3871 | D:3      | Found Uniparops's Distillery.
  3901 | D:3      | Found a transporter.
  3919 | D:3      | Found a transporter.
  3922 | D:3      | Noticed p0werm0de's ghost (amateur PaIE)
  4169 | D:4      | Noticed a scorpion
  4471 | D:3      | Reached XP level 5. HP: 30/38 MP: 2/8
  4828 | D:3      | Bought a potion of heal wounds for 65 gold pieces
  4864 | D:3      | Reached XP level 6. HP: 21/45 MP: 1/9
  5439 | D:4      | Found an opulent altar of Gozag.
  5444 | D:4      | Found an opulent altar of Gozag.
  5444 | D:4      | Found an opulent altar of Gozag.
  5454 | D:4      | Found an opulent altar of Gozag.
  5606 | D:4      | Found Batruic's Weapon Emporium.
  5734 | D:4      | Noticed a wyvern
  5750 | D:4      | Slain by a wyvern

Illustrated notes

Levels and vault maps discovered:
D:1:      lemuel_arrival_river_bridge, layout_rooms,
          hellmonk_ecumenical_altar_dog_temple, minivault_24, minmay_vboxes
D:2:      layout_basic, serial_shops, nicolae_shop_trees, minmay_octomino_c4
D:3:      layout_basic, gammafunk_ghost_stat_death, serial_shops,
          nicolae_square_shop
D:4:      minmay_clustersquares, layout_basic,
          nicolae_gozag_conspicuous_consumption, serial_shops,
          nicolae_shop_bloodbath_and_beyond

Skill      XL: |  1  2  3  4  5  6 |
---------------+-------------------+-----
Fire Magic     | 4 5 |  5.7
Spellcasting   | 2 |  2.7
Conjurations   | 2 3 |  3.0
Dodging        | |  1.5
Stealth        | |  1.5

Action                   |  1- 3 |  4- 6 || total
-------------------------+-------+-------++-------
Melee: Unarmed           |    10 |       ||    10
       Dagger            |    21 |    36 ||    57
 Cast: Foxfire           |    41 |    56 ||    97
       Scorch            |    14 |    29 ||    43
       Conjure Flame     |       |     1 ||     1
  Use: Scroll            |     4 |     6 ||    10
       Potion            |       |     1 ||     1
Armor: Robe              |    13 |    70 ||    83
Dodge: Dodged            |    34 |   157 ||   191
